 Dungeon Crawl Stone Soup version 0.19.0-19-g8c6edcc (webtiles) character file.

52 Delusion the Chiller (level 3, -1/26 HPs)
             Began as a Demonspawn Ice Elementalist on Nov 14, 2016.
             Slain by Sigmund
             ... wielding a +0 scythe
              (13 damage)
             ... on level 2 of the Dungeon.
             The game lasted 00:06:23 (1282 turns).

Delusion the Chiller (Demonspawn Ice Elementalist)  Turns: 1282, Time: 00:06:23

Health: -1/26      AC:  6    Str:  8    XL:     3   Next: 60%
Magic:  4/6        EV: 11    Int: 17    God:
Gold:   37         SH:  0    Dex: 13    Spells: 2 memorised, 3 levels left

rFire  . . .     SeeInvis .     p - -3 dagger (curse)
rCold  . . .     Gourm    .     d - +0 leather armour
rNeg   . . .     Faith    .     (no shield)
rPois  .         Spirit   .     k - +0 helmet
rElec  .         Reflect  .     (no cloak)
rCorr  .         Harm     .     (no gloves)
MR     .....                    (no boots)
Stlth  +.........               (no amulet)
                                (no ring)
                                (no ring)

@: no status effects
A: hooves 1, iridescent scales 1
a: no special abilities


You were on level 2 of the Dungeon.
You were near starving.

You visited 1 branch of the dungeon, and saw 2 of its levels.

You collected 37 gold pieces.

Inventory:

Hand Weapons
 j - a +0 club
 l - a +0 mace of crushing
 p - a cursed -3 dagger (weapon)
Armour
 a - a +0 robe
 d - a +0 leather armour (worn)
 k - a +0 helmet (worn)
Potions
 e - a potion of heal wounds
 f - a potion of flight {unknown}
 n - a potion of brilliance {unknown}
 o - a potion of invisibility {unknown}
Books
 b - a book of Frost

   Spells                             Type                      Level
   a - Freeze                         Ice                          1
   b - Throw Frost                    Conjuration/Ice              2
   c - Ozocubu's Armour               Charms/Ice                   3
   d - Throw Icicle                   Conjuration/Ice              4
   e - Summon Ice Beast               Ice/Summoning                4
Comestibles
 c - a bread ration
 i - 9 chunks of flesh


   Skills:
 - Level 1.1 Fighting
 - Level 2.2 Maces & Flails
 - Level 1.7 Dodging
 - Level 1.7 Stealth
 - Level 2.0 Spellcasting
 - Level 1.1 Conjurations
 + Level 3.0 Ice Magic


You had 3 spell levels left.
You knew the following spells:

 Your Spells              Type           Power        Failure   Level  Hunger
a - Freeze                Ice            ##..         10%         1    #......
b - Throw Frost           Conj/Ice       #.....       21%         2    ###....


Dungeon Overview and Level Annotations

Branches:
Dungeon (2/15)

Altars:

Annotations:
D:2 Sigmund


Innate Abilities, Weirdness & Mutations

You have large cloven feet.
You are partially covered in iridescent scales. (AC +2)


Message History

The bat closely misses you. The bat closely misses you.
Found a green potion.
A bat comes into view.
The bat barely misses you. The bat misses you. The bat closely misses you.
The bat barely misses you.
You see here a green potion.
f - a green potion The bat barely misses you.
The bat hits you but does no damage. The bat barely misses you.
You barely miss the bat. The bat hits you but does no damage. x4
Something hits you but does no damage. The bat hits you but does no damage. x2
Your leather armour prevents you from hitting the bat.
You kick the bat, but do no damage. The bat closely misses you. x2
You hit the bat but do no damage. The bat hits you.
The bat hits you but does no damage. Something hits you!
Ouch! That really hurt!
You die...

# # . ###. ### ...#
#... #..# #.## #..#
#.## #.. #.## #b#
#.## #@# # #@##
...#o ##b##.#.#####
#... ..8.
#.{...#.....#######
$8..
#..#######.#.......
.o.
#.....#.....#######
##.######
#.##..#.#.###
.........
#.....#.#b#
#........
####....#.#
....#..# #......#


You could see 2 bats.

Vanquished Creatures
  Jessica (D:2)
  2 dart slugs (D:2)
  2 orcs (D:2)
  A ball python (D:1)
  2 bats (D:1)
  3 goblins
  2 hobgoblins
  A jackal (D:1)
  2 frilled lizards
  A kobold (D:1)
  3 rats
20 creatures vanquished.

Notes
Turn   | Place    | Note
-------+----------+-------------------------------------------
     0 | D:1      | Delusion the Demonspawn Ice Elementalist began the quest for the Orb.
     0 | D:1      | Reached XP level 1. HP: 13/13 MP: 3/3
   367 | D:1      | Reached skill level 1 in Fighting
   503 | D:1      | Gained mutation: You are partially covered in iridescent scales. (AC +2) [demonic ancestry]
   503 | D:1      | Reached XP level 2. HP: 19/21 MP: 3/5
   598 | D:1      | Reached skill level 3 in Ice Magic
   606 | D:1      | Learned a level 2 spell: Throw Frost
   936 | D:2      | Noticed Jessica
  1113 | D:2      | Killed Jessica
  1113 | D:2      | Reached skill level 1 in Maces & Flails
  1113 | D:2      | Gained mutation: You have large cloven feet. [demonic ancestry]
  1113 | D:2      | Reached XP level 3. HP: 23/26 MP: 4/6
  1248 | D:2      | Noticed Sigmund
  1282 | D:2      | Slain by Sigmund

Skill      XL: |  1  2  3 |
---------------+----------+-----
Fighting       | 1 |  1.1
Ice Magic      | 3 |  3.0
Maces & Flails | 1 2 |  2.2
Dodging        | |  1.7
Stealth        | |  1.7
Spellcasting   | |  2.0
Conjurations   | |  1.1

Action                   || total
-------------------------++-------
Melee: Unarmed           ||    22
       Mace              ||     8
       Dagger            ||    34
       Kick              ||    15
 Cast: Freeze            ||    22
       Throw Frost       ||     3
  Use: Scroll            ||     4
Armor: Leather armour    ||    38
Dodge: Dodged            ||    70
